 Dungeon Crawl Stone Soup version 0.20.0-8-g6b59dc7 (webtiles) character file.

41255 dobroeutro the Basher (level 14, -7/136 HPs)
             Began as a Gargoyle Fighter on June 1, 2017.
             Was the Champion of Okawaru.
             Mangled by Thomus's ghost (16 damage)
             ... on level 6 of the Lair of Beasts.
             The game lasted 00:37:58 (20723 turns).

dobroeutro the Basher (Gargoyle Fighter)           Turns: 20723, Time: 00:37:59

Health: -7/136     AC: 40    Str: 29      XL:     14   Next: 14%
Magic:  11/14      EV: 16    Int: 17      God:    Okawaru [******]
Gold:   685        SH: 14    Dex: 13 (14) Spells: 13/13 levels left

rFire    . . .     SeeInvis .   x - +1 flail (freeze)
rCold    + . .     Gourm    .   c - +0 shield
rNeg     + . .     Faith    .   A - +4 chain mail of Magic {MR+ Int+3 Dex+4}
rPois    ∞         Spirit   .   L - +2 helmet {Int+3}
rElec    +         Reflect  .   I - scarf {repulsion}
rCorr    .         Harm     .   o - +2 pair of gloves
MR       ++++.     Clarity  +   P - +1 pair of boots {run}
Stlth    ..........             (no amulet)
Regen    0.4/turn               a - ring of protection from cold
MPRegen  0.2/turn               E - ring of protection from magic

@: berserking, heroism, repel missiles, very quick
A: big wings, slimy green scales 1, clarity, clever 1, deterioration 1, magic
resistance 1, negative energy resistance 1, shaggy fur 1, electricity
resistance, unbreathing, petrification resistance, rot immunity, MP-powered
wands, AC +9
a: Fly, Heroism, Finesse, Renounce Religion


You were on level 6 of the Lair of Beasts.
You worshipped Okawaru.
Okawaru was exalted by your worship.
You were hungry.

You visited 2 branches of the dungeon, and saw 18 of its levels.
You also visited: Labyrinth.

You collected 1210 gold pieces.
You spent 525 gold pieces at shops.

Inventory:

Hand Weapons
 x - a +1 flail of freezing (weapon)
Armour
 c - a +0 shield (worn)
 k - a +0 cloak
 o - a +2 pair of gloves (worn)
 A - the +4 chain mail of Magic (worn) {MR+ Int+3 Dex+4}
   (You found it on level 4 of the Lair of Beasts)

   It affects your intelligence (+3).
   It affects your dexterity (+4).
   It affects your resistance to hostile enchantments.
 I - a scarf of repulsion (worn)
 L - a +2 helmet of intelligence (worn)
 P - a +1 pair of boots of running (worn)
Jewellery
 a - a ring of protection from cold (left hand)
 q - an uncursed ring of fire
 v - an uncursed ring of resist corrosion {unknown}
 D - a cursed ring of protection from magic
 E - a ring of protection from magic (right hand)
 K - a +4 ring of protection {unknown}
 S - an uncursed ring of poison resistance {unknown}
Wands
 i - a wand of lightning (11/15)
 u - a wand of polymorph (15/24)
 w - a wand of disintegration (16/24)
 y - a wand of confusion (20/48)
 C - a wand of flame (20/48)
 F - a wand of digging (13/24)
 W - a wand of clouds (1/9)
Scrolls
 e - a scroll of fear
 g - 2 scrolls of teleportation
 h - 7 scrolls of remove curse
 m - 8 scrolls of identify
 p - a scroll of enchant weapon
 B - 3 scrolls of fog
 G - a scroll of holy word {unknown}
 H - a scroll of blinking
 M - a scroll of magic mapping
 Q - a scroll of brand weapon
Potions
 d - 3 potions of might
 r - 2 potions of brilliance
 t - a potion of resistance
 z - 3 potions of mutation
 Y - a potion of haste
Miscellaneous
 Z - a lightning rod (4/4)
Comestibles
 f - 9 bread rations
 j - 10 meat rations
 l - 26 fruits
 s - 9 royal jellies


   Skills:
 + Level 11.8(16.8) Fighting
 * Level 14.6(19.6) Maces & Flails
 + Level 11.8(16.8) Armour
 + Level 7.3(12.3) Dodging
 + Level 9.7(14.7) Shields


You had 13 spell levels left.
You didn't know any spells.

Dungeon Overview and Level Annotations

Branches:
Dungeon (12/15)            Temple (0/1) D:6            Lair (6/6) D:8
 Shoals (0/4) Lair:2       Spider (0/4) Lair:2        Slime (0/5) Lair:5
    Orc (0/2) D:10

Altars:
Cheibriados
Dithmenos
Fedhas
Hepliaklqana
Makhleb
Nemelex Xobeh
Okawaru
Trog
Uskayaw
Vehumet
Xom

Shops:
D:6 [   D:11 [[

Annotations:
D:12 Azrael, Frances
Lair:6 Thomus's ghost, journeyman MiBe


Innate Abilities, Weirdness & Mutations

You are resistant to torment.
Your stone body is resilient. (AC +9)
You are immune to poison.
Your large and strong wings let you fly indefinitely.
You resist negative energy. (rN+)
You are resistant to electric shocks. (rElec)
You can survive without breathing.
You are immune to petrification.
You are immune to rotting.
You are partially covered in slimy green scales. (AC +2)
You possess an exceptional clarity of mind.
Your mind is acute. (Int +2)
Your body sometimes deteriorates upon taking damage.
You are resistant to hostile enchantments. (MR+)
You are covered in fur. (AC +1)
You expend magic power (3 MP) to strengthen your wands.


Message History

Thomus's ghost wails, "You will never get the ORB!"
Thomus's ghost hits you!
* * * LOW HITPOINT WARNING * * *
You feel more confident with your borrowed prowess.
Thomus's ghost hits you.
* * * LOW HITPOINT WARNING * * *
You sock Thomus's ghost! You freeze Thomus's ghost.
Thomus's ghost is almost destroyed.
Thomus's ghost hits you!
* * * LOW HITPOINT WARNING * * *
It was a potion of berserk rage.
A red film seems to cover your vision as you go berserk!
You feel yourself moving faster!
You feel mighty! You block Thomus's ghost's attack.
You sock Thomus's ghost! You freeze Thomus's ghost.
Thomus's ghost is almost destroyed.
Your chain mail of Magic prevents you from hitting Thomus's ghost.
Thomus's ghost is almost destroyed.
Thomus's ghost hits you!
You die...

P.P..PP<.#.#.#.#####....≈
P...PP...###..### ....≈
..PP.PPP.. ##.## ..≈≈
..PPPP...## #..## .≈≈ P
#####... ##...# .♣♣ #...
#..### #... ##.##
##..##...# #..@.# ##÷W##
..... ..##.... #. #..##.
.. #..# .. . ...# .. ...#
## PYP...P...#


You could see Thomus's ghost.

Vanquished Creatures
  The ghost of 4thArraOfDagon the Severer, a journeyman DDBe of Trog (Lair:6)
  A dire elephant (Lair:5)
  The ghost of Ijustatesigmund the Basher, a journeyman MiFi of Okawaru (D:11)
  A minotaur (Lab)
  2 hydras
  2 two-headed ogres (D:8)
  Pikel (D:4)
  An orc knight (D:10)
  A manticore (Lair:6)
  A merfolk siren (Lair:2)
  2 elephants (Lair:5)
  16 spiny frogs
  A gargoyle (D:11)
  6 black mambas
  8 komodo dragons
  4 rime drakes
  2 trolls
  4 polar bears
  3 hornets
  10 blink frogs
  2 slime creatures
  8 hippogriffs
  5 wyverns
  A shadow (Lab)
  A vampire (D:9)
  Sigmund (D:3)
  A redback (Lair:2)
  3 hogs (D:9)
  A human (D:9)
  4 basilisks
  26 yaks
  The ghost of lauthentik the Conjurer, an amateur DrCj of Sif Muna (D:7)
  Edmund (D:4)
  A hungry ghost (D:11)
  10 water moccasins
  A hell hound (D:11)
  Duvessa (D:5)
  11 porcupines
  3 orc warriors
  3 sky beasts
  6 ogres
  A phantom (D:5)
  9 black bears
  4 necrophages
  A wolf (D:8)
  17 crocodiles
  6 centaurs
  3 big kobolds (D:6)
  9 bullfrogs
  Dowan (D:5)
  A water moccasin zombie (D:7)
  3 scorpions
  9 wights
  3 troll skeletons
  An electric eel (D:10)
  3 spriggan skeletons (D:9)
  3 howler monkeys (D:8)
  2 centaur zombies
  4 crimson imps
  A bullfrog zombie (D:6)
  8 hounds
  10 orc priests
  5 centaur skeletons
  Crazy Yiuf (D:6)
  2 bullfrog skeletons
  7 jellies
  17 orc wizards
  Jessica (D:2)
  4 iguanas
  Natasha (thrice) (D:4)
  10 worker ants
  A hound zombie (D:6)
  A hound skeleton (D:11)
  A mummy (D:7)
  A worker ant zombie (D:7)
  A howler monkey skeleton (D:4)
  10 adders
  4 gnolls
  5 shadow imps
  9 oozes
  An adder skeleton (D:7)
  2 adder zombies
  3 worms
  2 dart slugs
  6 leopard geckos
  63 orcs
  6 bats
  6 giant cockroaches
  13 goblins
  10 hobgoblins
  14 jackals
  12 kobolds
  4 quokkas
  A ball python (D:3)
  6 frilled lizards
  A jackal skeleton (D:5)
  A leopard gecko skeleton (D:5)
  A leopard gecko zombie (D:6)
  8 rats
501 creatures vanquished.

Vanquished Creatures (others)
  An orc priest (D:4)
  Ijyb (D:4)
  2 orcs (D:4)
  10 bushes (Lair:6)
  28 fungi
  80 plants
  9 toadstools (D:6)
  A withered plant (D:7)
132 creatures vanquished.

Grand Total: 633 creatures vanquished

Notes
Turn   | Place    | Note
-------+----------+-------------------------------------------
     0 | D:1      | dobroeutro the Gargoyle Fighter began the quest for the Orb.
     0 | D:1      | Reached XP level 1. HP: 14/14 MP: 1/1
    51 | D:1      | Reached XP level 2. HP: 12/19 MP: 2/2
   108 | D:1      | Reached skill level 3 in Maces & Flails
   511 | D:1      | Reached XP level 3. HP: 21/23 MP: 3/3
  1009 | D:1      | Reached skill level 4 in Maces & Flails
  1126 | D:2      | Reached XP level 4. HP: 14/28 MP: 4/4
  1150 | D:2      | Noticed Jessica
  1676 | D:2      | Killed Jessica
  1862 | D:2      | Reached skill level 5 in Maces & Flails
  2070 | D:3      | Reached XP level 5. HP: 16/32 MP: 5/5
  2835 | D:3      | Found a bloodstained altar of Trog.
  2922 | D:3      | Noticed Sigmund
  3229 | D:2      | Reached skill level 6 in Maces & Flails
  3229 | D:2      | Reached XP level 6. HP: 29/37 MP: 6/6
  3479 | D:3      | Found a burning altar of Makhleb.
  3583 | D:3      | Killed Sigmund
  4163 | D:4      | Noticed Natasha
  4168 | D:4      | Killed Natasha
  4168 | D:4      | Reached XP level 7. HP: 41/43 MP: 7/7
  4174 | D:4      | Found a shimmering altar of Xom.
  4175 | D:4      | Found a burning altar of Makhleb.
  4176 | D:4      | Found a sparkling altar of Nemelex Xobeh.
  4176 | D:4      | Found an iron altar of Okawaru.
  4182 | D:4      | Found a snail-covered altar of Cheibriados.
  4182 | D:4      | Found a radiant altar of Vehumet.
  4182 | D:4      | Found a shadowy altar of Dithmenos.
  4183 | D:4      | Found a hazy altar of Hepliaklqana.
  4213 | D:4      | Became a worshipper of Warmaster Okawaru
  4246 | D:4      | Noticed Natasha
  4252 | D:4      | Killed Natasha
  4474 | D:4      | Noticed Pikel
  4489 | D:4      | Killed Pikel
  4489 | D:4      | Reached * piety under Okawaru
  4489 | D:4      | Reached ** piety under Okawaru
  4489 | D:4      | Reached skill level 5 in Fighting
  4489 | D:4      | Reached skill level 7 in Maces & Flails
  4489 | D:4      | Reached skill level 5 in Armour
  4489 | D:4      | Reached skill level 5 in Shields
  4489 | D:4      | Reached XP level 8. HP: 10/49 MP: 8/8
  4655 | D:4      | Killed Ijyb
  4834 | D:4      | Noticed Natasha
  4844 | D:4      | Killed Natasha
  5111 | D:5      | Entered Level 5 of the Dungeon
  5169 | D:5      | Noticed Edmund
  5224 | D:4      | Killed Edmund
  5444 | D:5      | Reached *** piety under Okawaru
  5492 | D:5      | Reached XP level 9. HP: 54/55 MP: 9/9
  5604 | D:5      | Noticed Dowan
  5605 | D:5      | Noticed Duvessa
  5637 | D:5      | Killed Duvessa
  5637 | D:5      | Reached skill level 8 in Maces & Flails
  5670 | D:5      | Killed Dowan
  6078 | D:5      | Gained mutation: You are weak. (Str -2) [mutagenic meat]
  6079 | D:5      | Gained mutation: You possess an exceptional clarity of mind. [mutagenic meat]
  6080 | D:5      | Gained mutation: You are partially covered in slimy green scales. (AC +2) [mutagenic meat]
  6081 | D:5      | Gained mutation: You have supernaturally acute eyesight. (SInv) [mutagenic meat]
  6776 | D:6      | Reached **** piety under Okawaru
  7382 | D:6      | Found Lice's Antique Armour Shoppe.
  7401 | D:6      | Bought a faintly glowing chain mail for 285 gold pieces
  7411 | D:6      | Identified the cursed +0 chain mail of the Sun {Dex+6} (You bought it in a shop on level 6 of the Dungeon)
  7523 | D:6      | Found a staircase to the Ecumenical Temple.
  8186 | D:7      | Noticed lauthentik's ghost (amateur DrCj)
  8198 | D:7      | Reached XP level 10. HP: 62/63 MP: 10/10
  8201 | D:7      | Killed lauthentik's ghost
  8201 | D:7      | Reached skill level 9 in Maces & Flails
  8333 | D:7      | Reached skill level 1 in Dodging
  9086 | D:6      | Found a runed door.
  9210 | D:6      | Noticed Crazy Yiuf
  9214 | D:6      | Killed Crazy Yiuf
  9343 | D:8      | Found a staircase to the Lair.
  9395 | D:8      | Reached ***** piety under Okawaru
  9465 | D:8      | Noticed a two-headed ogre
  9492 | D:7      | Reached skill level 10 in Maces & Flails
  9951 | D:9      | Found a blossoming altar of Fedhas.
 10390 | D:9      | Reached XP level 11. HP: 67/69 MP: 11/11
 10395 | D:9      | Received a gift from Okawaru
 10752 | D:10     | Entered Level 10 of the Dungeon
 11326 | D:10     | Noticed an orc knight
 11352 | D:10     | Killed an orc knight
 11352 | D:10     | Reached skill level 11 in Maces & Flails
 11353 | D:10     | Found a staircase to the Orcish Mines.
 12058 | D:11     | Noticed Ijustatesigmund's ghost (journeyman MiFi)
 12297 | D:11     | Found Ofrejef's Food Boutique.
 12339 | D:11     | Gained mutation: Your magical capacity is low. (-10% MP) [mutagenic meat]
 12340 | D:11     | Gained mutation: You occasionally shout uncontrollably at your foes. [mutagenic meat]
 12341 | D:11     | Gained mutation: You have large cloven feet. [mutagenic meat]
 12342 | D:11     | Lost mutation: You occasionally shout uncontrollably at your foes. [mutagenic meat]
 12402 | D:11     | Found Gemp's Antique Armour Emporium.
 12410 | D:11     | Bought a pair of embroidered boots for 240 gold pieces
 12415 | D:11     | Identified a +0 pair of boots of running (You bought it in a shop on level 11 of the Dungeon)
 12510 | D:11     | Killed Ijustatesigmund's ghost
 12753 | D:11     | Found Nouseudgh's Armour Shoppe.
 12857 | D:12     | Lost mutation: Your magical capacity is low. (-10% MP) [mutagenic meat]
 12858 | D:12     | Gained mutation: Your body sometimes deteriorates upon taking damage. [mutagenic meat]
 12859 | D:12     | Gained mutation: Your mind is acute. (Int +2) [mutagenic meat]
 12860 | D:12     | Gained mutation: You expend magic power (3 MP) to strengthen your wands. [mutagenic meat]
 12916 | D:12     | Noticed Azrael
 13312 | D:12     | Noticed Frances
 13313 | D:12     | Noticed a sixfirhy
 13456 | D:9      | Received a gift from Okawaru
 13459 | D:9      | Got a heavily runed plate armour {god gift}
 13476 | D:9      | Identified the +1 plate armour "Meinu" {Int+5} (Okawaru gifted it to you on level 9 of the Dungeon)
 13547 | D:9      | Reached skill level 12 in Maces & Flails
 13556 | D:9      | Reached XP level 12. HP: 56/76 MP: 12/12
 13583 | D:8      | Noticed a two-headed ogre
 13603 | D:8      | Killed a two-headed ogre
 13682 | D:8      | Reached skill level 10 in Armour
 13773 | D:8      | Noticed a two-headed ogre
 13785 | D:8      | Killed a two-headed ogre
 13816 | D:8      | Found a hide-covered altar of Uskayaw.
 13956 | Lair:1   | Entered Level 1 of the Lair of Beasts
 14464 | Lair:1   | Reached skill level 5 in Dodging
 14544 | Lair:1   | Reached skill level 10 in Fighting
 15432 | Lair:2   | Noticed a five-headed hydra
 15441 | Lair:2   | Killed a five-headed hydra
 15602 | Lair:2   | Found a staircase to the Shoals.
 15703 | Lair:2   | Found a hole to the Spider Nest.
 15914 | Lair:3   | Reached ****** piety under Okawaru
 15948 | Lair:3   | Received a gift from Okawaru
 16105 | Lair:3   | Reached skill level 13 in Maces & Flails
 16259 | Lair:3   | Identified a scroll of acquirement
 16262 | Lair:3   | Got a shimmering trident
 16263 | Lair:3   | Identified the +10 trident "Camaaf" {flame, rC+++ MP+9 Int-2} (You acquired it on level 3 of the Lair of Beasts)
 16688 | Lair:4   | Reached XP level 13. HP: 74/84 MP: 13/13
 17245 | Lair:4   | Got a slimy chain mail
 17256 | Lair:4   | Identified the +4 chain mail of Magic {MR+ Int+3 Dex+4} (You found it on level 4 of the Lair of Beasts)
 17991 | Lair:5   | Found a staircase to the Slime Pits.
 18256 | Lair:6   | Entered Level 6 of the Lair of Beasts
 18256 | Lair:6   | Found a labyrinth entrance.
 18256 | Lair:6   | Noticed 4thArraOfDagon's ghost (journeyman DDBe)
 18260 | Lair:6   | Noticed Thomus's ghost (journeyman MiBe)
 18281 | Lair:6   | Lost mutation: You have large cloven feet. [potion of mutation]
 18281 | Lair:6   | Lost mutation: You are weak. (Str -2) [potion of mutation]
 18281 | Lair:6   | Lost mutation: Your mind is acute. (Int +2) [potion of mutation]
 18281 | Lair:6   | Gained mutation: You are resistant to hostile enchantments. (MR+) [potion of mutation]
 18281 | Lair:6   | Lost mutation: You have supernaturally acute eyesight. (SInv) [potion of mutation]
 18281 | Lair:6   | Gained mutation: You are covered in fur. (AC +1) [potion of mutation]
 18281 | Lair:6   | Gained mutation: Your mind is acute. (Int +2) [potion of mutation]
 18461 | Lair:6   | Noticed a dire elephant
 18465 | Lab      | Entered a labyrinth
 18845 | Lab      | Noticed a minotaur
 18863 | Lab      | Killed a minotaur
 18875 | Lab      | Identified Wulera's Collected Works on Flight and the Traveller
 18959 | Lair:5   | Received a gift from Okawaru
 19055 | Lair:6   | Noticed a dire elephant
 19105 | Lair:5   | Killed a dire elephant
 19105 | Lair:5   | Reached skill level 14 in Maces & Flails
 20169 | Lair:6   | Killed 4thArraOfDagon's ghost
 20169 | Lair:6   | Gained mutation: Your large and strong wings let you fly indefinitely. [Gargoyle growth]
 20169 | Lair:6   | Reached XP level 14. HP: 52/91 MP: 12/14
 20723 | Lair:6   | Mangled by Thomus's ghost

Skill      XL: |  1  2  3  4  5  6  7  8  9 10 11 12 13 |
---------------+----------------------------------------+-----
Maces & Flails | 3 4 5 6 7 8 10 12 13 14 | 14.6
Fighting       | 4 5 6 7 8 9 10 11 | 11.8
Armour         | 4 5 6 7 8 9 10 11 | 11.8
Shields        | 5 6 7 8 9 |  9.7
Dodging        | 3 4 6 7 |  7.3

Action                   |  1- 3 |  4- 6 |  7- 9 | 10-12 | 13-15 || total
-------------------------+-------+-------+-------+-------+-------++-------
Melee: Flail             |   173 |   316 |   490 |  1335 |   725 ||  3039
       Kick              |       |       |       |     9 |       ||     9
Invok: Heroism           |       |       |     2 |     3 |     6 ||    11
Evoke: Wand              |       |       |       |     2 |       ||     2
  Use: Scroll            |       |       |     8 |     8 |     2 ||    18
       Potion            |       |       |     2 |     1 |     7 ||    10
  Eat: Chunk             |     1 |     6 |    17 |    31 |    12 ||    67
       Bread ration      |       |     1 |       |     2 |       ||     3
       Fruit             |       |       |       |     1 |       ||     1
Armor: Scale mail        |   143 |   205 |   212 |       |       ||   560
       Chain mail        |       |       |    34 |   645 |   423 ||  1102
Dodge: Dodged            |   104 |   103 |   113 |   364 |   278 ||   962
       Deflected         |       |       |       |     8 |     1 ||     9
Block: Shield            |   134 |   172 |   257 |   746 |   440 ||  1749
